| TOP OF THE 1ST |
|
San Diego (APP) Padres batting - Pitching for Ogden Raptors : LHP Adrian Huerta
|
|
Pitching: LHP Adrian Huerta
|
|
|
Batting: RHB Elias Vences
|
0-0: Ball 1-0: Called Strike 1-1: Ball 2-1: Swinging Strike 2-2: Foul Ball, location: 2F 2-2: Fly out, F8 (Flyball, 89M, EV 88.1 MPH)
|
|
Batting: RHB Victor Contreras
|
0-0: Called Strike 0-1: Fly out, F9 (Flyball, 9LS, EV 84.4 MPH)
|
|
Batting: RHB Devon Dill
|
0-0: Called Strike 0-1: Foul Ball, location: 2F 0-2: Ball 1-2: Ball 2-2: Ball 3-2: Foul Ball, location: 2F 3-2: Base on Balls
|
|
Batting: RHB Yuusei Narita
|
0-0: Called Strike 0-1: Foul Ball, location: 2F 0-2: Ball 1-2: Ground out 4-3 (Groundball, 4MS, EV 68.1 MPH)
|
| Top of the 1st over - 0 runs, 0 hits, 0 errors, 1 left on base; San Diego (APP) 0 - Ogden 0 |
| BOTTOM OF THE 1ST |
|
Ogden Raptors batting - Pitching for San Diego (APP) Padres : RHP Sam Barbuto
|
|
Pitching: RHP Sam Barbuto
|
|
|
Batting: RHB Felipe Rivera
|
0-0: Ground out 6-3 (Groundball, 6D, EV 103.8 MPH)
|
|
Batting: RHB Carlos Gonzalez
|
0-0: SOLO HOME RUN (Flyball, 9D, EV 98.1 MPH), Distance : 377 ft
|
|
Batting: SHB Guy Jerome
|
0-0: Ball 1-0: Foul Ball, location: 2F 1-1: Ball 2-1: Ball 3-1: Called Strike 3-2: Base on Balls
|
|
Batting: RHB Jerry Sanchez
|
0-0: Ball Guy Jerome is caught stealing 2nd base 2-4 1-0: Called Strike 1-1: Fly out, F8 (Flyball, 89M, EV 87.5 MPH)
|
| Bottom of the 1st over - 1 run, 1 hit, 0 errors, 0 left on base; San Diego (APP) 0 - Ogden 1 |
| TOP OF THE 2ND |
|
San Diego (APP) Padres batting - Pitching for Ogden Raptors : LHP Adrian Huerta
|
|
Batting: RHB Alex Collazo
|
0-0: Ball 1-0: Ground out 4-3 (Groundball, 4, EV 81.2 MPH)
|
|
Batting: LHB Justin Daley
|
0-0: Ball 1-0: Called Strike 1-1: Fly out, F8 (Flyball, 8LS, EV 80.0 MPH)
|
|
Batting: LHB Ramon Padilla
|
0-0: Called Strike 0-1: Ball 1-1: Swinging Strike 1-2: Strikes out swinging, 2-3 out at first.
|
| Top of the 2nd over - 0 runs, 0 hits, 0 errors, 0 left on base; San Diego (APP) 0 - Ogden 1 |
| BOTTOM OF THE 2ND |
|
Ogden Raptors batting - Pitching for San Diego (APP) Padres : RHP Sam Barbuto
|
|
Batting: LHB Pedro Garza
|
0-0: Swinging Strike 0-1: Swinging Strike 0-2: Ball 1-2: Ball 2-2: Strikes out swinging, 2-3 out at first.
|
|
Batting: RHB Mike Kaczor
|
0-0: Foul Ball, location: 2F 0-1: Foul Ball, location: 2F 0-2: Ball 1-2: DOUBLE (Flyball, 8LXD, EV 96.9 MPH)
|
|
Batting: SHB Jason Todd
|
0-0: Ball 1-0: Foul Ball, location: 2F 1-1: Ground out 6-3 (Groundball, 6D, EV 90.0 MPH)
|
|
Batting: RHB Alex Diaz
|
0-0: Ball 1-0: Called Strike 1-1: Called Strike 1-2: Strikes out swinging
|
| Bottom of the 2nd over - 0 runs, 1 hit, 0 errors, 1 left on base; San Diego (APP) 0 - Ogden 1 |
| TOP OF THE 3RD |
|
San Diego (APP) Padres batting - Pitching for Ogden Raptors : LHP Adrian Huerta
|
|
Batting: SHB Shawnie Codbucket
|
0-0: Ground out 4-3 (Groundball, 4, EV 80.0 MPH)
|
|
Batting: SHB Yu-hsui Lew
|
0-0: Ball 1-0: Called Strike 1-1: Swinging Strike 1-2: Strikes out looking
|
|
Batting: RHB Elias Vences
|
0-0: Swinging Strike 0-1: Called Strike 0-2: Ball 1-2: Ground out 6-3 (Groundball, 6, EV 86.2 MPH)
|
| Top of the 3rd over - 0 runs, 0 hits, 0 errors, 0 left on base; San Diego (APP) 0 - Ogden 1 |
| BOTTOM OF THE 3RD |
|
Ogden Raptors batting - Pitching for San Diego (APP) Padres : RHP Sam Barbuto
|
|
Batting: RHB Guillermo Puente
|
0-0: Ground out 5-3 (Groundball, 5, EV 83.8 MPH)
|
|
Batting: RHB Felipe Rivera
|
0-0: Called Strike 0-1: Called Strike 0-2: Foul Ball, location: 2F 0-2: Strikes out swinging
|
|
Batting: RHB Carlos Gonzalez
|
0-0: Foul Ball, location: 2F 0-1: SOLO HOME RUN (Flyball, 7D, EV 98.1 MPH), Distance : 379 ft
|
|
Batting: SHB Guy Jerome
|
0-0: Called Strike 0-1: Foul Ball, location: 2F 0-2: Ball 1-2: SOLO HOME RUN (Flyball, 9D, EV 98.8 MPH), Distance : 393 ft
|
|
Batting: RHB Jerry Sanchez
|
0-0: Called Strike 0-1: Foul Ball, location: 2F 0-2: Ball 1-2: SINGLE (Groundball, 4MS, EV 66.9 MPH) (infield hit)
|
|
Batting: LHB Pedro Garza
|
0-0: Ball 1-0: Ball 2-0: Swinging Strike 2-1: Ball Jerry Sanchez is caught stealing 2nd base 2-6
|
| Bottom of the 3rd over - 2 runs, 3 hits, 0 errors, 0 left on base; San Diego (APP) 0 - Ogden 3 |
| TOP OF THE 4TH |
|
San Diego (APP) Padres batting - Pitching for Ogden Raptors : LHP Adrian Huerta
|
|
Batting: RHB Victor Contreras
|
0-0: Ball 1-0: Ball 2-0: Called Strike 2-1: Ball 3-1: Foul Ball, location: 2F 3-2: Hit by Pitch
|
|
Batting: RHB Devon Dill
|
0-0: Ball 1-0: Ball 2-0: Ball 3-0: Called Strike 3-1: Base on Balls Victor Contreras to second
|
|
Batting: RHB Yuusei Narita
|
0-0: 3-RUN HOME RUN (Line Drive, 7D, EV 101.2 MPH), Distance : 399 ft
|
|
Batting: RHB Alex Collazo
|
0-0: Ball 1-0: Ball 2-0: Ball 3-0: Base on Balls
|
|
Batting: LHB Justin Daley
|
0-0: Ball 1-0: Ball 2-0: Swinging Strike 2-1: Called Strike 2-2: Foul Ball, location: 2F 2-2: Foul Ball, location: 2F 2-2: Ball 3-2: Ground out 5-3 (Groundball, 5D, EV 108.8 MPH) Alex Collazo to second
|
|
Batting: LHB Ramon Padilla
|
0-0: Ball 1-0: Ball 2-0: Called Strike 2-1: Ball 3-1: Swinging Strike 3-2: Base on Balls
|
|
Batting: SHB Shawnie Codbucket
|
0-0: Ball 1-0: Foul Ball, location: 2F 1-1: Foul Ball, location: 2F 1-2: Fly out, F9 (Flyball, 9LM, EV 106.9 MPH) Runner from 2nd tags up, SAFE at 3rd, no throw by RF
|
|
Batting: SHB Yu-hsui Lew
|
0-0: Fielders Choice at 2nd, 6-4 (Groundball, 6, EV 88.1 MPH)
|
| Top of the 4th over - 3 runs, 1 hit, 0 errors, 2 left on base; San Diego (APP) 3 - Ogden 3 |
| BOTTOM OF THE 4TH |
|
Ogden Raptors batting - Pitching for San Diego (APP) Padres : RHP Sam Barbuto
|
|
Batting: LHB Pedro Garza
|
0-0: Foul Ball, location: 2F 0-1: Swinging Strike 0-2: Strikes out swinging
|
|
Batting: RHB Mike Kaczor
|
0-0: Ball 1-0: Called Strike 1-1: Ground out 4-3 (Groundball, 4, EV 86.9 MPH)
|
|
Batting: SHB Jason Todd
|
0-0: Ball 1-0: Ball 2-0: Foul Ball, location: 2F 2-1: SINGLE (Line Drive, 4MD, EV 108.8 MPH)
|
|
Batting: RHB Alex Diaz
|
0-0: Called Strike 0-1: Called Strike 0-2: SINGLE (Groundball, 56D, EV 104.4 MPH) Jason Todd to second Runner from 2nd tries for 3rd, OUT! 7-5
|
| Bottom of the 4th over - 0 runs, 2 hits, 0 errors, 1 left on base; San Diego (APP) 3 - Ogden 3 |
| TOP OF THE 5TH |
|
San Diego (APP) Padres batting - Pitching for Ogden Raptors : LHP Adrian Huerta
|
|
Batting: RHB Elias Vences
|
0-0: Ball 1-0: Ball 2-0: Foul Ball, location: 2F 2-1: Ball 3-1: Swinging Strike 3-2: Foul Ball, location: 2F 3-2: Ground out 4-3 (Groundball, 4S, EV 82.5 MPH)
|
|
Batting: RHB Victor Contreras
|
0-0: Called Strike 0-1: Ball 1-1: Foul Ball, location: 2F 1-2: Ball 2-2: Foul Ball, location: 2F 2-2: Foul Ball, location: 2F 2-2: Strikes out looking
|
|
Batting: RHB Devon Dill
|
0-0: Ball 1-0: Swinging Strike 1-1: Ball 2-1: Foul Ball, location: 2F 2-2: Fly out, F7 (Line Drive, 7LM, EV 110.6 MPH)
|
| Top of the 5th over - 0 runs, 0 hits, 0 errors, 0 left on base; San Diego (APP) 3 - Ogden 3 |
| BOTTOM OF THE 5TH |
|
Ogden Raptors batting - Pitching for San Diego (APP) Padres : RHP Sam Barbuto
|
|
Batting: RHB Guillermo Puente
|
0-0: Ball 1-0: Called Strike 1-1: SOLO HOME RUN (Flyball, 7D, EV 95.6 MPH), Distance : 384 ft
|
|
Batting: RHB Felipe Rivera
|
0-0: Fly out, F9 (Flyball, 89M, EV 93.8 MPH)
|
|
Batting: RHB Carlos Gonzalez
|
0-0: Foul Ball, location: 2F 0-1: SOLO HOME RUN (Flyball, 9LD, EV 95.0 MPH), Distance : 364 ft
|
|
Pitching: RHP Tim bin Fadi
|
|
|
Batting: SHB Guy Jerome
|
0-0: Called Strike 0-1: Foul Ball, location: 2F 0-2: Ball 1-2: Strikes out swinging
|
|
Batting: RHB Jerry Sanchez
|
0-0: Ball 1-0: SINGLE (Line Drive, 4M, EV 100.0 MPH)
|
|
Batting: LHB Pedro Garza
|
0-0: Ball 1-0: Swinging Strike 1-1: Called Strike 1-2: Strikes out looking
|
| Bottom of the 5th over - 2 runs, 3 hits, 0 errors, 1 left on base; San Diego (APP) 3 - Ogden 5 |
| TOP OF THE 6TH |
|
San Diego (APP) Padres batting - Pitching for Ogden Raptors : LHP Adrian Huerta
|
|
Pitching: RHP Francisco Guzman
|
|
|
Batting: RHB Yuusei Narita
|
0-0: Called Strike 0-1: Foul Ball, location: 2F 0-2: Fly out, F9 (Flyball, 9, EV 91.9 MPH)
|
|
Batting: RHB Alex Collazo
|
0-0: Ball 1-0: Reached on error, E5 (Groundball, 56, EV 108.1 MPH)
|
|
Batting: LHB Justin Daley
|
0-0: Ball 1-0: Ball 2-0: Ball 3-0: Called Strike 3-1: Fly out, F8 (Flyball, 8RM, EV 96.2 MPH)
|
|
Pitching: LHP Cao-Ky Trieu
|
|
|
Batting: LHB Ramon Padilla
|
0-0: Called Strike 0-1: Foul Ball, location: 2F 0-2: Strikes out looking
|
| Top of the 6th over - 0 runs, 0 hits, 1 error, 1 left on base; San Diego (APP) 3 - Ogden 5 |
| BOTTOM OF THE 6TH |
|
Ogden Raptors batting - Pitching for San Diego (APP) Padres : RHP Tim bin Fadi
|
|
Batting: RHB Mike Kaczor
|
0-0: Called Strike 0-1: Ball 1-1: Ball 2-1: Fly out, F7 (Flyball, 7S, EV 84.4 MPH)
|
|
Pitching: LHP Trevor Lewis
|
|
|
Batting: SHB Jason Todd
|
0-0: Foul Ball, location: 2F 0-1: Called Strike 0-2: Foul Ball, location: 2F 0-2: Foul Ball, location: 2F 0-2: Strikes out looking
|
|
Batting: RHB Alex Diaz
|
0-0: Ball 1-0: Fly out, F8 (Flyball, 89D, EV 98.1 MPH)
|
| Bottom of the 6th over - 0 runs, 0 hits, 0 errors, 0 left on base; San Diego (APP) 3 - Ogden 5 |
| TOP OF THE 7TH |
|
San Diego (APP) Padres batting - Pitching for Ogden Raptors : LHP Cao-Ky Trieu
|
|
Batting: SHB Shawnie Codbucket
|
0-0: Called Strike 0-1: Ball 1-1: Fly out, F9 (Line Drive, 9LS, EV 100.0 MPH)
|
|
Batting: SHB Yu-hsui Lew
|
0-0: Called Strike 0-1: Called Strike 0-2: Strikes out swinging
|
|
Batting: RHB Elias Vences
|
0-0: Called Strike 0-1: Swinging Strike 0-2: Strikes out swinging
|
| Top of the 7th over - 0 runs, 0 hits, 0 errors, 0 left on base; San Diego (APP) 3 - Ogden 5 |
| BOTTOM OF THE 7TH |
|
Ogden Raptors batting - Pitching for San Diego (APP) Padres : LHP Trevor Lewis
|
|
Batting: RHB Guillermo Puente
|
0-0: Swinging Strike 0-1: Called Strike 0-2: Ball 1-2: Ball 2-2: Strikes out swinging
|
|
Batting: RHB Felipe Rivera
|
0-0: Ball 1-0: SINGLE (Groundball, 56D, EV 96.9 MPH)
|
|
Batting: RHB Carlos Gonzalez
|
0-0: Ball 1-0: Ball 2-0: Ball 3-0: Base on Balls Felipe Rivera to second
|
|
Batting: SHB Guy Jerome
|
0-0: Foul Ball, location: 2F 0-1: SINGLE (Groundball, 6MD, EV 101.9 MPH) Felipe Rivera to third Carlos Gonzalez to second Runner from 3rd tries for Home, SAFE, throw by CF to home
|
|
Batting: RHB Jerry Sanchez
|
0-0: Ball 1-0: Ball 2-0: Foul Ball, location: 2F 2-1: Foul Ball, location: 2F 2-2: Strikes out swinging
|
|
Batting: LHB Pedro Garza
|
0-0: Ball 1-0: Called Strike 1-1: Foul Ball, location: 2F 1-2: Strikes out swinging
|
| Bottom of the 7th over - 1 run, 2 hits, 0 errors, 2 left on base; San Diego (APP) 3 - Ogden 6 |
| TOP OF THE 8TH |
|
San Diego (APP) Padres batting - Pitching for Ogden Raptors : LHP Cao-Ky Trieu
|
|
Now at 1B: David Watkins
|
|
|
Now in LF: Guillermo Puente
|
|
|
Now in RF: Kekoa Kahele
|
|
|
Batting: RHB Victor Contreras
|
0-0: Ball 1-0: Fly out, F8 (Flyball, 78D, EV 90.6 MPH)
|
|
Batting: RHB Devon Dill
|
0-0: Ball 1-0: Ball 2-0: Ball 3-0: Called Strike 3-1: Called Strike 3-2: Base on Balls
|
|
Batting: RHB Yuusei Narita
|
0-0: Ball 1-0: Fly out, F3 (Popup, 3SF, EV 70.0 MPH)
|
|
Batting: RHB Alex Collazo
|
0-0: Called Strike 0-1: Ball 1-1: Swinging Strike 1-2: Ball 2-2: 2-RUN HOME RUN (Line Drive, 9LD, EV 93.1 MPH), Distance : 356 ft
|
|
Batting: LHB Justin Daley
|
0-0: Ball 1-0: Foul Ball, location: 2F 1-1: Foul Ball, location: 2F 1-2: Ball 2-2: Strikes out swinging
|
| Top of the 8th over - 2 runs, 1 hit, 0 errors, 0 left on base; San Diego (APP) 5 - Ogden 6 |
| BOTTOM OF THE 8TH |
|
Ogden Raptors batting - Pitching for San Diego (APP) Padres : LHP Trevor Lewis
|
|
Batting: RHB Mike Kaczor
|
0-0: Ball 1-0: Ball 2-0: SOLO HOME RUN (Flyball, 9D, EV 101.9 MPH), Distance : 386 ft
|
|
Batting: SHB Jason Todd
|
0-0: Ball 1-0: Foul Ball, location: 2F 1-1: Ball 2-1: Called Strike 2-2: Ball 3-2: Fly out, F7 (Flyball, 7, EV 94.4 MPH)
|
|
Batting: RHB Alex Diaz
|
0-0: Ball 1-0: Foul Ball, location: 2F 1-1: Ball 2-1: Swinging Strike 2-2: Ball 3-2: Fly out, F8 (Flyball, 8RM, EV 81.9 MPH)
|
|
Batting: RHB Guillermo Puente
|
0-0: Ball 1-0: Ball 2-0: Ball 3-0: Called Strike 3-1: Base on Balls
|
|
Pitching: RHP Dave Waterman
|
|
|
Batting: RHB Felipe Rivera
|
0-0: Ball 1-0: Ball 2-0: Reached on error, E6 (Groundball, 6M, EV 86.2 MPH) Guillermo Puente to second
|
|
Batting: RHB David Watkins
|
0-0: Ball 1-0: Called Strike 1-1: Ball 2-1: Foul Ball, location: 2F 2-2: Foul Ball, location: 2F 2-2: Ball 3-2: Strikes out swinging
|
| Bottom of the 8th over - 1 run, 1 hit, 1 error, 2 left on base; San Diego (APP) 5 - Ogden 7 |
| TOP OF THE 9TH |
|
San Diego (APP) Padres batting - Pitching for Ogden Raptors : LHP Cao-Ky Trieu
|
|
Pitching: RHP Mike Barnhill
|
|
|
Batting: LHB Ramon Padilla
|
0-0: Ball 1-0: SOLO HOME RUN (Flyball, 9LD, EV 98.1 MPH), Distance : 373 ft
|
|
Pinch Hitting: LHB Conor Barron
|
0-0: Swinging Strike 0-1: Ball 1-1: Ball 2-1: Foul Ball, location: 2F 2-2: Strikes out looking
|
|
Pinch Hitting: RHB Aaron Joseph
|
0-0: Ball 1-0: SINGLE (Groundball, 4D, EV 104.4 MPH)
|
|
Batting: RHB Elias Vences
|
0-0: Ball 1-0: Foul Ball, location: 2F 1-1: Ball 2-1: Foul Ball, location: 2F 2-2: Fly out, F9 (Flyball, 9LM, EV 83.8 MPH)
|
|
Batting: RHB Victor Contreras
|
0-0: Ball 1-0: Ball 2-0: Foul Ball, location: 2F 2-1: Foul Ball, location: 2F 2-2: Ball 3-2: Base on Balls Aaron Joseph to second
|
|
Batting: RHB Devon Dill
|
0-0: Ball 1-0: Ball 2-0: Ball 3-0: Base on Balls Aaron Joseph to third Victor Contreras to second
|
|
Batting: RHB Yuusei Narita
|
0-0: Foul Ball, location: 2F 0-1: Foul Ball, location: 2F 0-2: SINGLE (Line Drive, 78S, EV 91.9 MPH) Aaron Joseph scores Victor Contreras to third Devon Dill to second
|
|
Batting: RHB Alex Collazo
|
0-0: Ball 1-0: Ball 2-0: Ball 3-0: Base on Balls Victor Contreras scores Devon Dill to third Yuusei Narita to second
|
|
Batting: LHB Justin Daley
|
0-0: Swinging Strike 0-1: Ball 1-1: Ball 2-1: Foul Ball, location: 2F 2-2: Strikes out swinging
|
| Top of the 9th over - 3 runs, 3 hits, 0 errors, 3 left on base; San Diego (APP) 8 - Ogden 7 |
| BOTTOM OF THE 9TH |
|
Ogden Raptors batting - Pitching for San Diego (APP) Padres : RHP Dave Waterman
|
|
Pitching: LHP Manny Santiago
|
|
|
Now at C: Lu-po-teh Zhou
|
|
|
Now at 1B: Ricardo Ortiz
|
|
|
Now at SS: Alex Collazo
|
|
|
Now in RF: Conor Barron
|
|
|
Batting: SHB Guy Jerome
|
0-0: Ball 1-0: Ball 2-0: Foul Ball, location: 2F 2-1: Ball 3-1: Base on Balls
|
|
Batting: RHB Jerry Sanchez
|
0-0: Foul Ball, location: 2F 0-1: Swinging Strike 0-2: Strikes out swinging
|
|
Pinch Hitting: SHB Javy Franco
|
0-0: Called Strike 0-1: Called Strike 0-2: Foul Ball, location: 2F 0-2: Ball 1-2: Ball 2-2: Foul Ball, location: 2F 2-2: Strikes out looking
|
|
Batting: RHB Mike Kaczor
|
0-0: Foul Ball, location: 2F 0-1: Foul Ball, location: 2F 0-2: Ball 1-2: Ball 2-2: Ball 3-2: SINGLE (Flyball, 89S, EV 91.9 MPH) Guy Jerome to second Guy Jerome to third
|
|
Batting: SHB Jason Todd
|
0-0: Ball 1-0: Foul Ball, location: 2F 1-1: Ball 2-1: Ball Wild Pitch! Guy Jerome scores Mike Kaczor to second 3-1: Intentional Walk
|
|
Batting: RHB Alex Diaz
|
0-0: Ball 1-0: Called Strike 1-1: Ball 2-1: Foul Ball, location: 2F 2-2: Foul Ball, location: 2F 2-2: Strikes out swinging
|
| Bottom of the 9th over - 1 run, 1 hit, 0 errors, 2 left on base; San Diego (APP) 8 - Ogden 8 |
| TOP OF THE 10TH |
|
San Diego (APP) Padres batting - Pitching for Ogden Raptors : RHP Mike Barnhill
|
|
Pitching: LHP Randy Dupuis
|
|
|
Now in RF: Jesus Gomez
|
|
|
Batting: LHB Ramon Padilla
|
0-0: Ball 1-0: Foul Ball, location: 2F 1-1: Foul Ball, location: 2F 1-2: Strikes out swinging
|
|
Batting: LHB Conor Barron
|
0-0: Ball 1-0: Ball 2-0: Foul Ball, location: 2F 2-1: Ground out 6-3 (Groundball, 6MD, EV 76.9 MPH)
|
|
Batting: RHB Ricardo Ortiz
|
0-0: Ball 1-0: Ball 2-0: Foul Ball, location: 2F 2-1: Ball 3-1: Called Strike 3-2: Foul Ball, location: 2F 3-2: Base on Balls
|
|
Batting: RHB Elias Vences
|
0-0: Ball 1-0: Foul Ball, location: 2F 1-1: Called Strike 1-2: Ball 2-2: Ball 3-2: Base on Balls Ricardo Ortiz to second
|
|
Batting: RHB Victor Contreras
|
0-0: Ball Wild Pitch! Ricardo Ortiz to third Elias Vences to second 1-0: Foul Ball, location: 2F 1-1: Ball 2-1: Foul Ball, location: 2F 2-2: Ball 3-2: Fly out, F6 (Popup, P, EV 76.9 MPH)
|
| Top of the 10th over - 0 runs, 0 hits, 0 errors, 2 left on base; San Diego (APP) 8 - Ogden 8 |
| BOTTOM OF THE 10TH |
|
Ogden Raptors batting - Pitching for San Diego (APP) Padres : LHP Manny Santiago
|
|
Pitching: RHP Eric Busby
|
|
|
Pinch Hitting: LHB Conor Bailey
|
0-0: Ball 1-0: Foul Ball, location: 2F 1-1: SOLO HOME RUN (Flyball, 9D, EV 101.9 MPH), Distance : 389 ft
|
| Bottom of the 10th over - 1 run, 1 hit, 0 errors, 0 left on base; San Diego (APP) 8 - Ogden 9 |
|